 Seeded DCSS version 0.30-a0-457-g4b7bca3bfa (webtiles) character file.

Game seed: 9653979536821995196 (custom seed)

224 purpskrrrp the Trooper (level 5, -2/43 HPs)
             Began as a Demonspawn Fighter on Dec 13, 2022.
             Killed by divine providence
             ... invoked by an orc priest
              (11 damage)
             ... on level 4 of the Dungeon.
             The game lasted 00:01:46 (1198 turns).

purpskrrrp the Trooper (Demonspawn Fighter)         Turns: 1198, Time: 00:01:47

Health: -2/43      AC:  6    Str: 18    XL:     5   Next: 67%
Magic:  5/5        EV:  9    Int: 10    God:
Gold:   67         SH:  4    Dex: 12    Spells: 4/4 levels left

rFire   . . .      SeeInvis .    a - +0 war axe
rCold   . . .      Faith    .    c - +0 buckler
rNeg    . . .      Spirit   .    b - +0 scale mail
rPois   .          Reflect  .    (no helmet)
rElec   .          Harm     .    (no cloak)
rCorr   .          Rampage  .    (no gloves)
Will    .....                    (no boots)
Stlth   ..........               (no amulet)
HPRegen 0.27/turn                (no ring)
MPRegen 0.09/turn                (no ring)

@: mighty, studying Fighting
A: demonic magic 1, demonic touch 1
a: no special abilities


You were on level 4 of the Dungeon.
You visited 1 branch of the dungeon, and saw 3 of its levels.

You collected 67 gold pieces.

Inventory:

Hand Weapons
 a - a +0 war axe (weapon)
Armour
 b - a +0 scale mail (worn)
 c - a +0 buckler (worn)
Scrolls
 e - 2 scrolls of teleportation {unknown}
 f - a scroll of noise {unknown}
 i - 2 scrolls of enchant weapon {unknown}
 j - 2 scrolls of identify {unknown}
 k - a scroll of fear {unknown}
 o - a scroll of vulnerability {unknown}
 p - a scroll of blinking {unknown}
Potions
 g - a potion of heal wounds
 h - a potion of curing {unknown}
 l - a potion of degeneration {unknown}
 m - 2 potions of invisibility {unknown}
 n - a potion of attraction {unknown}


   Skills:
 + Level 4.5 Fighting
 * Level 3.7 Axes
 + Level 3.5 Armour
 + Level 3.5 Shields


You had 4 spell levels left.
You didn't know any spells.
Your spell library contained the following spells:

 Spells                   Type           Power      Damage    Failure   Level
 Portal Projectile        Hex/Tloc       0%         N/A       99%         3
 Tukima's Dance           Hex            0%         N/A       99%         3
 Anguish                  Hex/Necr       0%         N/A       100%        4
 Passage of Golubria      Tloc           0%         N/A       100%        4
 Blade Hands              Tmut           0%         N/A       100%        5
 Yara's Violent Unravell  Hex/Tmut       0%         3d3       100%        5
 Enfeeble                 Hex            0%         N/A       100%        7


Dungeon Overview and Level Annotations

Branches:
Dungeon (4/15)
 Temple: D:4-7

Altars:


Innate Abilities, Weirdness & Mutations

Spells you cast may paralyse adjacent enemies.
Your touch may inflict minor irresistible damage on your foes.


Message History

You are too injured to fight recklessly!
You are too injured to fight recklessly!
You are too injured to fight recklessly!
You are too injured to fight recklessly!
You are too injured to fight recklessly!
You are too injured to fight recklessly!
You are too injured to fight recklessly!
You are too injured to fight recklessly!
You are too injured to fight recklessly!
You are too injured to fight recklessly!
You are too injured to fight recklessly!
You are too injured to fight recklessly!
You are too injured to fight recklessly!
You are too injured to fight recklessly!
You are too injured to fight recklessly!
You are too injured to fight recklessly!
You feel much better.
The orc priest looks encouraged for a moment.
The orc closely misses you.
The orc priest looks braver for a moment.
You feel very mighty all of a sudden. The orc hits you but does no damage.
You slash the orc!
You kill the orc!
You hit the orc priest.
The orc priest is moderately wounded.
The orc priest mumbles some strange prayers to Beogh against you.
Pain shoots through your body!
The orc priest invokes the aid of Beogh against you.
Beogh smites you!
* * * LOW HITPOINT WARNING * * *
You barely miss the orc priest.
The orc priest is moderately wounded.
The orc priest casts a cantrip, but nothing happens. x2
The orc priest closely misses you.
You slash the orc priest!
You kill the orc priest!
The orc priest calls down the wrath of Beogh upon you.
Beogh smites you!
You die...

#####....## #
#.####...††....#
.##.....#.#.#.#..#
...........)......
#J###..#.#.#.#.#.# #o#
#............# #o#
#.#.#.#.#.#.#.
#)###.............
#@##.#.#.#.#.#.#.#
.######.###.............
.......<###.#.#.#.#.#.#.
#######.#.............)#
#...##.#.#.#.#.#.#
###.###.........##
#.....#.#.#.#.#
####.........##
##......###


You could see an orc priest, an orc and an endoplasm.

Vanquished Creatures
  An ice beast (D:4)
  A hound (D:4)
  An orc priest (D:4)
  A jelly (D:4)
  2 adders (D:2)
  2 dart slugs
  3 orcs (D:4)
  5 ball pythons
  4 endoplasms
  3 giant cockroaches (D:1)
  5 goblins
  A hobgoblin (D:2)
  3 jackals (D:4)
  2 quokkas (D:1)
  6 bats
  2 frilled lizards (D:1)
  3 kobolds
45 creatures vanquished.

Vanquished Creatures (others)
  A plant (D:2)
1 creature vanquished.

Grand Total: 46 creatures vanquished

Notes
Turn   | Place    | Note
-------+----------+-------------------------------------------
     0 | D:1      | purpskrrrp the Demonspawn Fighter began the quest for the
                  | Orb.
     0 | D:1      | Reached XP level 1. HP: 18/18 MP: 1/1
   190 | D:1      | Gained mutation: Your touch may inflict minor irresistible
                  | damage on your foes. [demonic ancestry]
   190 | D:1      | Reached XP level 2. HP: 24/24 MP: 2/2
   667 | D:1      | Identified a scroll of acquirement
   667 | D:1      | Acquired a manual of Fighting
   696 | D:2      | Reached XP level 3. HP: 26/29 MP: 3/3
   791 | D:2      | Identified the +10 trident "Isut Mok" {vorpal, Str+4
                  | Stlth+}
   954 | D:2      | You fall into a shaft and drop 2 floors!
   980 | D:4      | Noticed an ice beast
   989 | D:4      | Killed an ice beast
   990 | D:4      | Reached skill level 4 in Fighting
   990 | D:4      | Gained mutation: Spells you cast may paralyse adjacent
                  | enemies. [demonic ancestry]
   990 | D:4      | Reached XP level 4. HP: 34/38 MP: 4/4
   990 | D:4      | Reached XP level 5. HP: 39/43 MP: 5/5
  1198 | D:4      | Killed from afar by an orc priest

Illustrated notes

Levels and vault maps discovered:
D:1:      lemuel_arrival_lava_pool, layout_basic
D:2:      cheibrodos_old_hovel, layout_loops_ring
D:4:      layout_loops_ring, kennysheep_orc_sif_temple,
          hangedman_decor_peaks_small, hex_medium, minmay_strange_pillars,
          st_stairs_7, hangedman_decor_lopped

Skill      XL: |  1  2  3 |
---------------+----------+-----
Axes           | 2 3 |  3.7
Armour         | 3 |  3.5
Shields        | 3 |  3.5
Fighting       | 4 |  4.5

Action                   |  1- 3 |  4- 6 || total
-------------------------+-------+-------++-------
Melee: War axe           |    84 |    31 ||   115
  Use: Scroll            |     1 |       ||     1
       Potion            |     2 |     2 ||     4
Armor: Scale mail        |    45 |     8 ||    53
Dodge: Dodged            |    49 |    15 ||    64
Block: Buckler           |    26 |     8 ||    34

Table legend: (Time is in decaauts)
 A = Elapsed time spent in this place.
 B = Non-inter-level travel time spent in this place.
 C = Inter-level travel time spent in this place.
 D = Time resting spent in this place.
 E = Time spent auto-exploring this place.
 F = Levels seen in this place.
 G = Mean time per level.
                   A        B        C        D        E       F      G
               +--------+--------+--------+--------+--------+-----+--------+
         Total |   1243 |   1223 |     20 |      0 |    950 |   3 |  414.3 |
       Dungeon |   1243 |   1223 |     20 |      0 |    950 |   3 |  414.3 |
               +--------+--------+--------+--------+--------+-----+--------+

Top non-repeatable levels by time:
     D:1: 711 daAuts
     D:2: 276 daAuts
     D:4: 256 daAuts
